 Dungeon Crawl Stone Soup version 0.28-a0-461-g2dc4ca5097 (webtiles) character file.

Game seed: 4829380757282582057

596 lunkers the Magician (level 7, -2/54 HPs)
             Began as a Djinni Cinder Acolyte on Sept 13, 2021.
             Was a High Priest of Ignis.
             Slain by Sigmund (6 damage)
             ... on level 5 of the Dungeon.
             The game lasted 00:07:27 (6303 turns).

lunkers the Magician (Djinni Cinder Acolyte)        Turns: 6303, Time: 00:07:28

Health: -2/54      AC:  4    Str: 13    XL:     7   Next: 67%
Gold:   249        EV: 11    Int: 18    God:    Ignis [*****.] SH:  0 Dex:  8

rFire   + + +      SeeInvis .   a - -1 short sword (flame)
rCold   x . .      Faith    .   (no shield)
rNeg    + . .      Spirit   .   b - +0 robe
rPois   ∞          Reflect  .   n - +0 helmet
rElec   .          Harm     .   (no cloak)
rCorr   .          Rampage  .   l - +0 pair of gloves
Will    .....                   (boots unavailable)
Stlth   +.........              p - amulet of the acrobat
HPRegen 0.18/turn               r - ring "Xainn" {rPois rF+ rN+}
MPRegen 0.00/turn               (no ring)

@: flying
A: sickness immunity, fire resistance 2, cold vulnerability 1, float, innate
caster, hp casting, extra vitality 1
a: Renounce Religion, Sea of Fire, Foxfire Swarm, Rising Flame


You were on level 5 of the Dungeon.
You worshipped Ignis.
Ignis was extremely pleased with you.
You visited 1 branch of the dungeon, and saw 6 of its levels.

You collected 249 gold pieces.

Inventory:

Hand Weapons
 a - a -1 short sword of flaming (weapon)
Armour
 b - a +0 robe (worn)
 l - a +0 pair of gloves (worn)
 n - a +0 helmet (worn)
Magical Staves
 d - a staff of earth
Jewellery
 p - an amulet of the acrobat (around neck)
 r - the ring "Xainn" (left hand) {rPois rF+ rN+}
   (You found it on level 4 of the Dungeon)

   [ring of positive energy]

   rF:        It protects you from fire.
   rPois:     It protects you from poison.
   rN:        It protects you from negative energy.
 u - a ring of resist corrosion
Scrolls
 e - a scroll of fog {unknown}
 f - a scroll of enchant armour {unknown}
 g - 3 scrolls of identify {unknown}
 i - a scroll of vulnerability {unknown}
 j - a scroll of teleportation {unknown}
 k - 4 scrolls of amnesia {unknown}
 s - a scroll of magic mapping {unknown}
Potions
 c - a potion of magic {unknown}
 h - a potion of heal wounds {unknown}
 m - a potion of curing {unknown}
 o - a potion of might {unknown}
 q - a potion of cancellation {unknown}
 t - a potion of attraction {unknown}
 v - 2 potions of lignification {unknown}
 w - 2 potions of flight {unknown}


   Skills:
 + Level 5.3 Fighting
 - Level 2.6 Short Blades
 * Level 5.4 Spellcasting


You had 8 spell levels left.
You knew the following spells:

 Your Spells              Type           Power      Damage    Failure   Level
a - Pain                  Necr           96%        1d8       1%          1
b - Scorch                Fire           48%        2d7       1%          2
c - Passwall              Tmut/Erth      20%        N/A       1%          2
d - Frozen Ramparts       Ice            48%        1d6       4%          3
Your spell library was empty.

Dungeon Overview and Level Annotations

Branches:
Dungeon (6/15)
 Temple: D:4-7

Altars:
Fedhas
Hepliaklqana
Okawaru
Vehumet

Shops:
D:1 *

Annotations:
D:5 Sigmund


Innate Abilities, Weirdness & Mutations

You are immune to sickness and miasma.
You are immune to poison.
Your flesh is very heat resistant. (rF++)
You are vulnerable to cold. (rC-)
You float through the air rather than walking.
You learn spells naturally, not from books.
Your magical power is your life essence.
You have superior vitality. (+4 HP)


Message History

Flames lash the jackal.
The jackal is almost dead.
The jackal's fire resistance burns away.
Sigmund the Dreaded comes into view.
He is wielding a +0 scythe and wearing a +2 robe of fire resistance.
Casting: Scorch (safe; 1% risk of failure)
Press: ? - help, Q - select action, (/) - cycle Dir - look around, f - activate Flames lash the jackal.
The jackal is burned terribly!
You kill the jackal!
The jackal barely misses you.
Casting: Scorch (safe; 1% risk of failure)
Press: ? - help, Q - select action, (/) - cycle Dir - look around, f - activate Flames lash the jackal.
You kill the jackal!
Casting: Scorch (safe; 1% risk of failure)
Press: ? - help, Q - select action, (/) - cycle Dir - look around, f - activate Flames lash the ogre.
The ogre is moderately wounded.
The ogre's fire resistance burns away.
Casting: Scorch (safe; 1% risk of failure)
Press: ? - help, Q - select action, (/) - cycle Dir - look around, f - activate Flames lash the ogre.
The ogre is burned terribly!
The ogre is almost dead.
The ogre hits you with a +0 giant club!
* * * LOW HITPOINT WARNING * * *
Unknown command.
Casting: Scorch (safe; 1% risk of failure)
Press: ? - help, Q - select action, (/) - cycle Dir - look around, f - activate Flames lash Sigmund.
Sigmund resists.
Sigmund is lightly wounded.
Sigmund's fire resistance burns away.
* * * LOW HITPOINT WARNING * * *
The ogre hits you with a +0 giant club!
* * * LOW HITPOINT WARNING * * *
Casting: Scorch (safe; 1% risk of failure)
Press: ? - help, Q - select action, (/) - cycle Dir - look around, f - activate Flames lash Sigmund.
Sigmund is moderately wounded.
* * * LOW HITPOINT WARNING * * *
Sigmund hits you from afar with a +0 scythe.
You die...

..... ..# .
#...#####..#.........
#.....<............(
#.#.....[..........
#..............#
###.............#
##..........@#..##
#.>)........O†...#
#+###...........@#
#.........##...###
#........##...##
....#........###
#..###....##...## ###
#.#........#
#####....### ######


You could see Sigmund (combustible) and an ogre (combustible).

Vanquished Creatures
  2 phantoms (D:5)
  2 scorpions
  A wyvern skeleton (D:4)
  A bullfrog zombie (D:6)
  A hound (D:6)
  An iguana (D:5)
  A jelly (D:4)
  Robin (D:3)
  5 adders
  A gnoll (D:5)
  A white imp (D:6)
  4 worms
  A dart slug (D:2)
  4 ball pythons
  6 endoplasms
  2 giant cockroaches
  12 goblins
  12 hobgoblins
  8 jackals
  2 quokkas (D:4)
  A bat (D:1)
  5 frilled lizards
  3 kobolds
  A rat (D:1)
  A spectral kobold (D:3)
79 creatures vanquished.

Notes
Turn   | Place    | Note
-------+----------+-------------------------------------------
     0 | D:1      | lunkers the Djinni Cinder Acolyte began the quest for the
                  | Orb.
     0 | D:1      | Reached XP level 1. HP: 20/20 MP: 0/0
   439 | D:1      | Reached XP level 2. HP: 22/25 MP: 0/0
  1106 | D:1      | Found Vecanuh's Assorted Antiques.
  1603 | D:2      | Reached XP level 3. HP: 19/30 MP: 0/0
  1603 | D:2      | Learned a level 1 spell: Pain
  1773 | D:2      | Found a faded altar of an unknown god.
  2186 | D:2      | Noticed a scorpion
  2193 | D:2      | Killed a scorpion
  2194 | D:2      | Reached XP level 4. HP: 10/37 MP: 0/0
  2194 | D:2      | Reached XP level 5. HP: 11/41 MP: 0/0
  2194 | D:2      | Learned a level 2 spell: Passwall
  2798 | D:2      | Found an iron altar of Okawaru.
  3064 | D:3      | Noticed Robin
  3206 | D:3      | Killed Robin
  4108 | D:3      | Found a hazy altar of Hepliaklqana.
  4354 | D:4      | Identified the ring "Xainn" {rPois rF+ rN+}
  4405 | D:4      | Reached XP level 6. HP: 38/47 MP: 0/0
  4920 | D:4      | Found a blossoming altar of Fedhas.
  5209 | D:4      | You are sucked into a shaft and drop 2 floors!
  5390 | D:6      | Reached XP level 7. HP: 38/53 MP: 0/0
  5390 | D:6      | Learned a level 3 spell: Frozen Ramparts
  5398 | D:5      | Entered Level 5 of the Dungeon
  5404 | D:5      | Reached skill level 5 in Fighting
  5404 | D:5      | Reached skill level 5 in Spellcasting
  6297 | D:5      | Noticed Sigmund
  6303 | D:5      | Slain by Sigmund

Illustrated notes

Levels and vault maps discovered:
D:1:      sevenhm_arrival_forest_fort_small_6, layout_rooms, serial_shops,
          nicolae_shop_stone, minmay_hexomino_p4
D:2:      layout_rooms, basic_ecumenical_altar, basic_altar, patterned_corridor
D:3:      layout_loops_cross, nicolae_hepliaklqana_monster_ancestors,
          mainiacjoe_overflow_brackets, hangedman_glass_teeth, uniq_robin
D:4:      layout_basic, mainiacjoe_overflow_alcove_4
D:5:      layout_cave_pools, makhleb_grotto_becter, uniq_sigmund
D:6:      layout_rooms, lemuel_crystal_altar, nicolae_overflow_crystal_walls,
          elyvilon_altar_1

Skill      XL: |  1  2  3  4  5  6  7 |
---------------+----------------------+-----
Spellcasting   | 3 4 5 |  5.4
Fighting       | 4 5 |  5.3
Short Blades   | |  2.6

Action                   |  1- 3 |  4- 6 |  7- 9 || total
-------------------------+-------+-------+-------++-------
Melee: Short sword       |    36 |       |       ||    36
 Cast: Scorch            |    42 |    71 |    30 ||   143
       Pain              |     6 |     9 |       ||    15
Armor: Robe              |     5 |     5 |     4 ||    14
Dodge: Dodged            |    33 |    12 |    26 ||    71

Table legend: (Time is in decaauts)
 A = Elapsed time spent in this place.
 B = Non-inter-level travel time spent in this place.
 C = Inter-level travel time spent in this place.
 D = Time resting spent in this place.
 E = Time spent auto-exploring this place.
 F = Levels seen in this place.
 G = Mean time per level.
                   A        B        C        D        E       F      G
               +--------+--------+--------+--------+--------+-----+--------+
         Total |   6303 |   6192 |    111 |    712 |   4717 |   6 | 1050.5 |
       Dungeon |   6303 |   6192 |    111 |    712 |   4717 |   6 | 1050.5 |
               +--------+--------+--------+--------+--------+-----+--------+

Top non-repeatable levels by time:
     D:4: 1684 daAuts
     D:1: 1561 daAuts
     D:2: 1320 daAuts
     D:3: 1309 daAuts
     D:5: 237 daAuts
     D:6: 188 daAuts
